 Dungeon Crawl Stone Soup version 0.32-a0-42-ga30500b4d3 (webtiles) character file.

Game seed: 10429613958994066512

17915 ZZKoverts the Skirmisher (level 12, -2/52 HPs)
             Began as a Spriggan Hexslinger on Feb 3, 2024.
             Was an Elder of Kikubaaqudgha.
             Slain by a black mamba (16 damage)
             ... on level 2 of the Lair of Beasts.
             The game lasted 01:03:03 (11794 turns).

ZZKoverts the Skirmisher (Spriggan Hexslinger)     Turns: 11794, Time: 01:03:04

Health: -2/52      AC:  5    Str:  4    XL:     12   Next: 23%
Magic:  23/23      EV: 18    Int: 15    God:    Kikubaaqudgha [****..]
Gold:   750        SH:  5    Dex: 22    Spells: 13/25 levels left

rFire   + . .        a - +2 sling (drain)
rCold   + . .        (no shield)
rNeg    . . .        L - +0 steam dragon scales
rPois   +            (helmet restricted)
rElec   .            D - scarf of the Forging Gods {rC+ rF+, Will+}
rCorr   .            (gloves unavailable)
SInv    +            (boots unavailable)
Will    +++..        C - amulet of reflection
Stlth   ++           g - ring of poison resistance
HPRegen 0.28/turn    y - ring of flight
MPRegen 0.18/turn

%: reflection
@: flying, very quick
A: very small, no large weapons, unfitting armour, see invisible, speed 3
a: Renounce Religion, Unearth Wretches


You were on level 2 of the Lair of Beasts.
You worshipped Kikubaaqudgha.
Kikubaaqudgha was greatly pleased with you.
You visited 3 branches of the dungeon, and saw 12 of its levels.

You collected 750 gold pieces.

Inventory:

Hand Weapons
 a - a +2 sling of draining (weapon)
 x - a +0 dagger of electrocution
   (You found it on level 3 of the Dungeon)
 I - a +1 demon whip of venom
   (You took it off Amaemon on level 8 of the Dungeon)
Armour
 c - a +0 robe
 D - the scarf of the Forging Gods (worn) {rC+ rF+, Will+}
   (You acquired it on level 7 of the Dungeon)

   Will+:     It increases your willpower.
 L - +0 steam dragon scales (worn)
   (You found it on level 8 of the Dungeon)
Jewellery
 g - a ring of poison resistance (left hand)
   (You found it on level 1 of the Dungeon)
 y - a ring of flight (right hand)
   (You took it off a gnoll on level 5 of the Dungeon)
 C - an amulet of reflection (around neck)
   (You found it on level 7 of the Dungeon)
 G - an amulet of guardian spirit
   (You found it on level 7 of the Dungeon)
Wands
 o - a wand of polymorph (7)
   (You took it off Ijyb on level 5 of the Dungeon)
 t - a wand of flame (23)
   (You found it on level 6 of the Dungeon)
 u - a wand of paralysis (11)
   (You took it off Amaemon on level 8 of the Dungeon)
Scrolls
 b - 7 scrolls of poison {!r}
 e - 4 scrolls of vulnerability {!r}
 f - 2 scrolls of blinking
 j - 4 scrolls of amnesia
 l - 8 scrolls of teleportation {@r4}
 n - 4 scrolls of fear
 q - a scroll of silence
 r - 3 scrolls of fog
 v - a scroll of enchant armour
 A - 2 scrolls of immolation {!r}
 B - a scroll of revelation
 F - a scroll of enchant weapon
 M - a scroll of butterflies
Potions
 d - 2 potions of might
 h - a potion of enlightenment {unknown}
 i - a potion of lignification {unknown}
 k - 2 potions of mutation {unknown}
 m - 2 potions of heal wounds {@q2}
 p - 4 potions of haste {@q3}
 s - a potion of invisibility {unknown}
 w - a potion of brilliance {unknown}
 z - a potion of ambrosia {unknown}
 E - 2 potions of curing {@q1}
 H - a potion of degeneration {unknown}
 K - a potion of attraction {unknown}


   Skills:
 - Level 0.7 Fighting
 - Level 14.0 Ranged Weapons
 - Level 2.6 Dodging
 - Level 7.0 Spellcasting
 - Level 10.0 Hexes
 + Level 8.2 Necromancy
 - Level 10.0 Translocations
 - Level 0.7 Fire Magic


You had 13 spell levels left.
You knew the following spells:

 Your Spells              Type           Power      Damage    Failure   Level
a - Jinxbite              Hex            70%        N/A       1%          2
b - Confusing Touch       Hex            35%        N/A       1%          3
c - Sigil of Binding      Hex            35%        N/A       1%          3
d - Dimensional Bullseye  Hex/Tloc       17%        N/A       2%          4

Your spell library contained the following spells:

 Spells                   Type           Power      Damage    Failure   Level
 Sublimation of Blood     Necr           29%        N/A       1%          2
 Fugue of the Fallen      Necr           29%        N/A       1%          3
 Kiss of Death            Conj/Necr      68%        2d10      2%          1
 Cause Fear               Hex            17%        N/A       2%          4
 Anguish                  Hex/Necr       16%        N/A       3%          4
 Inner Flame              Hex/Fire       21%        N/A       4%          3
 Dispel Undead            Necr           29%        3d13      4%          4
 Cigotuvi's Dreadful Rot  Necr/Alch/Air  26%        N/A       7%          2
 Sandblast                Erth           10%        2d5       13%         1
 Curse of Agony           Necr           29%        N/A       13%         5
 Scorch                   Fire           14%        2d5       16%         2
 Martyr's Knell           Necr/Summ      17%        N/A       24%         4
 Passwall                 Erth           5%         N/A       36%         3
 Stone Arrow              Conj/Erth      10%        3d7       36%         3
 Death Channel            Necr           14%        N/A       56%         6
 Flame Wave               Conj/Fire      6%         2d5       75%         4
 Brom's Barrelling Bould  Conj/Erth      5%         2d3       78%         4
 Summon Cactus Giant      Summ           2%         N/A       100%        6


Dungeon Overview and Level Annotations

Branches:
Dungeon (8/15) Zot: 25755  Temple (1/1) D:5 Zot: 5933    Lair (3/5) D:8 Zot: 16000
  Snake (0/4) Lair:2
  Swamp: Lair:2-3    Shoals: Lair:2-3

Altars:
Ashenzari
Cheibriados
Dithmenos
Elyvilon
Fedhas
Gozag
Hepliaklqana
Kikubaaqudgha
Makhleb
Nemelex Xobeh
Okawaru
Qazlal
Ru
Sif Muna
Trog
Uskayaw
Vehumet
Wu Jian
Xom
Yredelemnul
Zin
The Shining One

Annotations:
D:8 6 transporters
Lair:1 2 runed translucent doors, Sudyph's ghost, journeyman OpSh
Lair:3 Snorg


Innate Abilities, Weirdness & Mutations

You are very small and have problems with some larger weapons.
You are too small for most types of armour.
You have supernaturally acute eyesight. (SInv)
You cover ground extremely quickly. (Speed+++)


Message History

* * * LOW HITPOINT WARNING * * *
The wolf bites you.
* * * LOW HITPOINT WARNING * * *
The wolf bites you but does no damage. The wolf attacks as it pursues you!
The wolf barely misses you. x2
The wolf attacks as it pursues you! The wolf closely misses you.
The wolf attacks as it pursues you! The wolf bites you!
* * * LOW HITPOINT WARNING * * *
The wolf bites the plant!
The plant begins to die.
The wolf closely misses you.
The wolf bites something!
There is a stone staircase leading up here.
You fly upwards.
There is a stone staircase leading down here.
Done exploring.
There is a stone staircase leading down here.
You fly downwards.
Level annotation: Snorg The water moccasin hisses angrily.
There is a stone staircase leading up here.
You shoot a sling bullet. The black mamba hisses angrily.
The sling bullet hits the water moccasin but does no damage.
You shoot a sling bullet.
The sling bullet hits the water moccasin.
The water moccasin closely misses you.
You shoot a sling bullet.
The sling bullet hits the water moccasin!
You drain the water moccasin. The black mamba bites you.
The black mamba bites you.
You are poisoned.
The black mamba poisons you! The water moccasin bites you.
You fly upwards.
You feel extremely sick.
There is a stone staircase leading down here.
You feel sick.
The black mamba attacks as it pursues you!
The black mamba misses you.
You feel sick.
You feel sick.
You feel sick. The black mamba bites you!
* * * LOW HITPOINT WARNING * * *
Unknown command.
You are too injured to fight recklessly!
You feel sick.
The black mamba attacks as it pursues you!
The black mamba misses you.
You feel sick.
You feel better. You block the black mamba's attack. The black mamba bites you!
You die...
Kikubaaqudgha rasps: "You have failed me!
Welcome... death!"

8..#...#...#..8.##......##
........................#
>......8...+..>.8.....###
...#.......#.....#....#
8.##(##.#..##.8.#...###
..###..(..##.##...#...#
.###..#+.#....#S...#..# P#
##...#....##S####..##
####.....#.#...#@###...######
..P#.....#.##......#..###...#
.....#.8...#.##.....#..##...##
.............##......#.#.....#
...#.#......###.P...##...>.###
...#......#####.P.....#.....#
...##......##.#.###..#...####
#P###......###......#....###
#####......................#


You could see a black mamba and a water moccasin.

Vanquished Creatures
  Fannar (Lair:1)
  A boulder beetle (Lair:1)
  A hydra (Lair:1)
  4 death yaks (Lair:2)
  Amaemon (D:8)
  Pikel (D:6)
  Joseph (D:8)
  3 elephants (Lair:1)
  2 black mambas
  4 cane toads
  An orange demon (D:8)
  A komodo dragon (Lair:1)
  A polar bear (Lair:1)
  A troll (D:8)
  10 blink frogs
  8 yaks (Lair:1)
  A wyvern (Lair:2)
  2 basilisks
  A death yak simulacrum (Lair:1)
  Menkaure (D:5)
  2 steam dragons
  An acid dragon (D:5)
  Edmund (D:5)
  2 water moccasins (D:7)
  2 ice beasts
  A black bear (D:6)
  2 orc warriors
  3 sky beasts
  17 wolves
  A phantom (D:7)
  7 bullfrogs
  A scorpion (D:7)
  11 wights
  2 electric eels (D:8)
  A bombardier beetle (D:3)
  2 jellies
  8 hounds
  A gnoll bouda (D:8)
  2 orc priests
  7 iguanas
  2 sleepcaps (D:4)
  Jessica (D:2)
  Ijyb (D:5)
  Natasha (twice) (D:3)
  3 orc wizards (D:4)
  11 adders
  7 gnolls
  A shadow imp (D:7)
  A white imp (D:6)
  2 ufetubi (D:6)
  A dart slug (D:5)
  A ribbon worm (D:4)
  16 orcs
  6 endoplasms
  2 giant cockroaches (D:1)
  11 goblins
  11 hobgoblins
  2 jackals (D:3)
  15 kobolds
  6 quokkas
  7 ball pythons
  7 bats
  11 rats
247 creatures vanquished.

Vanquished Creatures (others)
  A kobold brigand (D:7)
1 creature vanquished.

Grand Total: 248 creatures vanquished

Notes
Turn   | Place    | Note
-------+----------+-------------------------------------------
     0 | D:1      | ZZKoverts the Spriggan Hexslinger began the quest for the
                  | Orb.
     0 | D:1      | Reached XP level 1. HP: 9/9 MP: 3/3
   314 | D:1      | Reached XP level 2. HP: 14/14 MP: 5/5
   454 | D:1      | Reached skill level 3 in Ranged Weapons
   515 | D:1      | Found a faded altar of an unknown god.
   806 | D:1      | Reached XP level 3. HP: 17/17 MP: 6/6
  1412 | D:2      | Found the +3 pair of seven-league boots {Rampage+∞}
  1608 | D:2      | Noticed Jessica
  1623 | D:2      | Killed Jessica
  1624 | D:2      | Reached skill level 4 in Ranged Weapons
  1624 | D:2      | Reached XP level 4. HP: 21/21 MP: 7/7
  1773 | D:2      | Reached skill level 5 in Ranged Weapons
  2143 | D:3      | Reached XP level 5. HP: 25/25 MP: 8/8
  2367 | D:3      | Noticed Natasha
  2374 | D:3      | Killed Natasha
  2649 | D:4      | Reached skill level 6 in Ranged Weapons
  2728 | D:4      | Found a shimmering blue altar of Sif Muna.
  2738 | D:4      | Reached XP level 6. HP: 25/29 MP: 9/9
  3448 | D:4      | Reached skill level 7 in Ranged Weapons
  3468 | D:3      | Noticed Natasha
  3471 | D:3      | Killed Natasha
  3705 | D:5      | Entered Level 5 of the Dungeon
  3724 | D:5      | Found an ornate altar of the Wu Jian Council.
  3724 | D:5      | Found an opulent altar of Gozag.
  3724 | D:5      | Noticed Menkaure
  3725 | D:5      | Noticed an orc warrior
  3763 | D:5      | Found a staircase to the Ecumenical Temple.
  3893 | D:4      | Reached XP level 7. HP: 29/32 MP: 10/10
  3929 | D:4      | Reached skill level 8 in Ranged Weapons
  4032 | D:5      | Noticed Ijyb
  4063 | D:5      | Killed Ijyb
  4167 | D:5      | Killed Menkaure
  4168 | D:5      | Reached skill level 9 in Ranged Weapons
  4242 | D:5      | Found a stormy altar of Qazlal.
  4284 | Temple   | Entered the Ecumenical Temple
  4373 | Temple   | Became a worshipper of Kikubaaqudgha
  4601 | D:5      | Reached XP level 8. HP: 17/37 MP: 11/11
  4824 | D:5      | Noticed Edmund
  4913 | D:5      | Killed Edmund
  5090 | D:6      | Reached skill level 10 in Ranged Weapons
  5511 | D:6      | Reached * piety under Kikubaaqudgha
  5511 | D:6      | Received a gift from Kikubaaqudgha
  5552 | D:6      | Found a shimmering altar of Xom.
  5802 | D:7      | Noticed Pikel
  5839 | D:6      | Killed Pikel
  5840 | D:6      | Reached skill level 11 in Ranged Weapons
  5840 | D:6      | Reached XP level 9. HP: 22/40 MP: 12/12
  5967 | D:7      | Found a broken altar of Ashenzari.
  6048 | D:7      | Reached skill level 12 in Ranged Weapons
  6146 | D:7      | Found a hide-covered altar of Uskayaw.
  6308 | D:7      | Found a white marble altar of Elyvilon.
  6519 | D:7      | Reached skill level 13 in Ranged Weapons
  7101 | D:7      | Identified a scroll of acquirement
  7103 | D:7      | Acquired the scarf of the Forging Gods {rC+ rF+, Will+}
  7116 | D:8      | Found a transporter.
  7128 | D:8      | Reached ** piety under Kikubaaqudgha
  7129 | D:8      | Found a transporter.
  7225 | D:8      | Noticed a troll
  7297 | D:8      | Killed a troll
  7512 | D:8      | Reached skill level 14 in Ranged Weapons
  7592 | D:8      | Noticed an orange demon
  7593 | D:8      | Noticed Amaemon
  7615 | D:8      | Killed an orange demon
  7616 | D:8      | Reached XP level 10. HP: 44/44 MP: 14/17
  7666 | D:8      | Killed Amaemon
  7667 | D:8      | Reached skill level 5 in Spellcasting
  7735 | D:8      | Found a staircase to the Lair.
  7818 | D:8      | Found a transporter.
  7822 | D:8      | Found a transporter.
  7946 | D:8      | Learned a level 2 spell: Jinxbite
  7950 | D:8      | Learned a level 3 spell: Confusing Touch
  7954 | D:8      | Learned a level 3 spell: Sigil of Binding
  7959 | D:8      | Learned a level 4 spell: Dimensional Bullseye
  8082 | D:8      | Noticed Joseph
  8100 | D:8      | Killed Joseph
  8101 | D:8      | Reached skill level 5 in Hexes
  8219 | D:8      | Found a transporter.
  8220 | D:8      | Found a transporter.
  8548 | D:8      | Noticed a moth of wrath
  8551 | D:8      | Found a bloodstained altar of Trog.
  8667 | Lair:1   | Entered Level 1 of the Lair of Beasts
  8679 | Lair:1   | Noticed a black mamba
  8683 | Lair:1   | Noticed a cane toad
  8693 | Lair:1   | Killed a black mamba
  8931 | D:8      | Killed a cane toad
  9091 | Lair:1   | Noticed an elephant
  9093 | Lair:1   | Noticed an elephant
  9133 | Lair:1   | Killed an elephant
  9158 | Lair:1   | Killed an elephant
  9165 | Lair:1   | Reached skill level 10 in Hexes
  9195 | Lair:1   | Reached skill level 1 in Translocations
  9195 | Lair:1   | Reached XP level 11. HP: 48/48 MP: 22/22
  9211 | Lair:1   | Noticed Fannar
  9451 | Lair:1   | Reached *** piety under Kikubaaqudgha
  9451 | Lair:1   | Received a gift from Kikubaaqudgha
  9480 | Lair:1   | Reached skill level 5 in Translocations
  9625 | Lair:1   | Killed Fannar
  9668 | Lair:1   | Noticed a boulder beetle
  9672 | Lair:1   | Found a large runed translucent door.
  9673 | Lair:1   | Found a large runed translucent door.
  9868 | Lair:1   | Reached skill level 10 in Translocations
  9938 | Lair:1   | Reached skill level 1 in Necromancy
 10183 | Lair:1   | Killed a boulder beetle
 10239 | Lair:1   | Noticed an eight-headed hydra
 10262 | Lair:1   | Killed an eight-headed hydra
 10410 | Lair:1   | Noticed Sudyph's ghost (journeyman OpSh)
 10582 | Lair:2   | Found a staircase to the Snake Pit.
 10690 | Lair:2   | Reached skill level 5 in Necromancy
 10714 | Lair:2   | Noticed a death yak
 10716 | Lair:2   | Noticed a death yak
 10791 | Lair:2   | Killed a death yak
 10947 | Lair:2   | Noticed a death yak
 10948 | Lair:2   | Noticed a death yak
 11023 | Lair:2   | Killed a death yak
 11024 | Lair:2   | Reached XP level 12. HP: 44/52 MP: 23/23
 11064 | Lair:2   | Killed a death yak
 11111 | Lair:2   | Killed a death yak
 11111 | Lair:2   | Reached **** piety under Kikubaaqudgha
 11557 | Lair:3   | Noticed Snorg
 11794 | Lair:2   | Slain by a black mamba

Illustrated notes

Levels and vault maps discovered:
D:1:      minmay_arrival_widening_spiral_narrow, layout_basic,
          serial_co_window_serial, co_window_paths_b, co_window_paths_b,
          co_window_paths_a, co_window_paths_b, co_window_paths_a,
          co_window_corner_b, co_window_corner_cb, co_window_2corner,
          glass_columns_c, glass_columns_b, glass_columns_a,
          shapermc_ecumenical_altar_mp_highgroup
D:2:      layout_basic, minmay_snake_closets, uniq_jessica
D:3:      layout_basic, uniq_natasha
D:4:      layout_rooms, kennysheep_orc_sif_temple, kennysheep_another_room
D:5:      corexii_shack_village, layout_rooms, nicolae_qazlal_scattered_showers,
          chequers_temple_overflow_statue_of_worship,
          minmay_temple_entry_overgrown, uniq_edmund, uniq_ijyb, uniq_menkaure
D:6:      layout_rooms, lemuel_tele_altar
D:7:      layout_layer_cave, nicolae_uskayaw_murder_on_the_dancefloor,
          cheibrodos_ashenzari_chains, old_standard_altar,
          minmay_tree_intersection, uniq_pikel
D:8:      layout_loops_ring, tgw_trog, erik_lair_island, serial_nicolae_subway,
          nicolae_sub_station_crystal, nicolae_sub_station_stone,
          nicolae_sub_station_metal, uniq_amaemon, uniq_joseph
Temple:   oiseaux_autumnal_temple
Lair:1:   layout_chaotic_city, portal_ice_cave_entry_ice_simulacra,
          ebering_ghost_disaster_area, beast_lair_carwin_5,
          serial_bayou_shore_b, serial_bayou_shore_b, grunt_megastairs_4,
          uniq_fannar
Lair:2:   layout_misc_corridors, dummy_snake_entry, grunt_megastairs_1
Lair:3:   layout_small_grid, minmay_shoals_entry_centaurs, serial_bayou_shore_b,
          grunt_megastairs_2, uniq_snorg

Skill      XL: |  1  2  3  4  5  6  7  8  9 10 11 12 |
---------------+-------------------------------------+-----
Ranged Weapons | 3 4 5 6 7 9 11 14 | 14.0
Spellcasting   | 4 7 |  7.0
Hexes          | 10 | 10.0
Translocations | 1 10 | 10.0
Necromancy     | 6 8 |  8.2
Fighting       | |  0.7
Dodging        | |  2.6
Fire Magic     | |  0.7

Action                     |  1- 3 |  4- 6 |  7- 9 | 10-12 || total
---------------------------+-------+-------+-------+-------++-------
  Melee: Sling             |       |       |       |     3 ||     3
   Fire: Sling             |    95 |   213 |   411 |   723 ||  1442
   Cast: Jinxbite          |       |       |       |     2 ||     2
         Confusing Touch   |       |       |       |     2 ||     2
         Sigil of Binding  |       |       |       |     1 ||     1
    Use: Scroll            |     5 |     7 |     6 |     6 ||    24
         Potion            |       |       |       |     1 ||     1
 Armour: Robe              |     9 |    25 |    33 |     2 ||    69
         Steam dragon scal |       |       |       |    53 ||    53
  Dodge: Dodged            |    20 |    60 |    45 |   114 ||   239
  Block: Other             |       |       |     4 |    31 ||    35
         Reflection        |       |       |     1 |     2 ||     3

Table legend: (Time is in decaauts)
 A = Elapsed time spent in this place.
 B = Non-inter-level travel time spent in this place.
 C = Inter-level travel time spent in this place.
 D = Time resting spent in this place.
 E = Time spent auto-exploring this place.
 F = Levels seen in this place.
 G = Mean time per level.
                   A        B        C        D        E       F      G
               +--------+--------+--------+--------+--------+-----+--------+
         Total |   8174 |   7811 |    363 |    188 |   4815 |  12 |  681.2 |
       Dungeon |   6109 |   5804 |    305 |    188 |   3754 |   8 |  763.6 |
        Temple |     66 |     56 |     10 |      0 |      0 |   1 |   66.0 |
          Lair |   1998 |   1951 |     47 |      0 |   1060 |   3 |  666.0 |
               +--------+--------+--------+--------+--------+-----+--------+

Top non-repeatable levels by time:
     D:8: 1172 daAuts
  Lair:1: 1125 daAuts
  Lair:2: 834 daAuts
     D:4: 825 daAuts
     D:7: 815 daAuts
     D:2: 712 daAuts
     D:1: 686 daAuts
     D:6: 664 daAuts
     D:5: 624 daAuts
     D:3: 606 daAuts
  Temple: 66 daAuts
  Lair:3: 39 daAuts
